 Dungeon Crawl Stone Soup version 0.27.1-16-g815e20cd7a (webtiles) character file.

Game seed: 10809698980985677642

359 TheCrusader the Chopper (level 6, 0/44 HPs)
             Began as a Hill Orc Monk on Nov 24, 2021.
             Was a Believer of Beogh.
             Slain by a lemure (10 damage)
             ... led by Pikel
             ... on level 4 of the Dungeon.
             The game lasted 00:15:29 (4212 turns).

TheCrusader the Chopper (Hill Orc Monk)             Turns: 4212, Time: 00:15:29

Health: 0/44       AC:  3    Str: 15 (17) XL:     6   Next: 65%
Magic:  6/6        EV: 13    Int:  8 (11) God:    Beogh [**....]
Gold:   89         SH:  0    Dex: 13 (15) Spells: 5/5 levels left

rFire    . . .     SeeInvis .   f - +0 war axe
rCold    . . .     Faith    .   (no shield)
rNeg     . . .     Spirit   .   b - +0 robe
rPois    .         Reflect  .   (no helmet)
rElec    .         Harm     +   d - scarf {harm}
rCorr    .         Rampage  .   g - +0 pair of gloves
Will     .....                  (no boots)
Stlth    ++........             (no amulet)
HPRegen  0.14/turn              (no ring)
MPRegen  0.10/turn              (no ring)

@: no status effects
A: agile 1, frail 2, strong 1
a: Renounce Religion, Smiting


You were on level 4 of the Dungeon.
You worshipped Beogh.
Beogh was pleased with you.
You visited 1 branch of the dungeon, and saw 6 of its levels.

You collected 89 gold pieces.

Inventory:

Hand Weapons
 a - a +0 hand axe
 f - a +0 war axe (weapon)
 q - a +1 whip of holy wrath
Armour
 b - a +0 robe (worn)
 d - a scarf of harm (worn)
 g - a +0 pair of gloves (worn)
Wands
 n - a wand of acid (5)
Scrolls
 c - a scroll of fear {unknown}
 i - a scroll of holy word {unknown}
 j - a scroll of identify {unknown}
Potions
 e - a potion of degeneration
 k - 2 potions of curing


   Skills:
 + Level 4.9 Fighting
 + Level 6.9 Axes
 + Level 3.2 Dodging
 * Level 3.1 Stealth


You had 5 spell levels left.
You didn't know any spells.
Your spell library contained the following spells:

 Spells                   Type           Power      Damage    Failure   Level
 Call Canine Familiar     Summ           0%         N/A       78%         3
 Portal Projectile        Hex/Tloc       0%         N/A       78%         3
 Leda's Liquefaction      Hex/Erth       0%         N/A       99%         4
 Conjure Ball Lightning   Conj/Air       0%         3x3d6     100%        6
 Discord                  Hex            0%         N/A       100%        8
 Disjunction              Tloc           0%         N/A       100%        8


Dungeon Overview and Level Annotations

Branches:
Dungeon (6/15)
 Temple: D:4-7

Altars:
Gozag
The Shining One

Annotations:
D:2 1 runed translucent door, Crazy Yiuf
D:4 Pikel


Innate Abilities, Weirdness & Mutations

You are agile. (Dex +2)
You are very frail. (-20% HP)
Your muscles are strong. (Str +2)


Message History

Your +0 robe melds into your body.
Your roots penetrate the ground.
The lemure hits you.
Pikel hits you with a +2 whip of flaming.
Pikel burns you.
It was a potion of degeneration.
There was something very wrong with that liquid.
You feel weakened.
You feel dopey.
You feel clumsy.
Pikel hits you with a +2 whip of flaming!
Pikel burns you. The lemure hits you but does no damage.
It was a potion of curing.
You feel better.
The lemure hits you but does no damage. x2; Pikel hits you but does no damage.
The lemure hits you!
It was a potion of haste.
You feel yourself speed up. The lemure barely misses you.
The lemure hits you but does no damage.
Pikel hits you with a +2 whip of flaming.
Pikel burns you. The lemure hits you.
It was a potion of cancellation.
Your magical effects are unravelling.
You feel magically purged.
You feel less wooden.
Your scarf of harm unmelds from your body.
Your +0 pair of gloves unmelds from your body.
Your +0 robe unmelds from your body.
You feel yourself slow down.
You feel less attractive to monsters.
It was a potion of mutation.
You feel extremely strange.
You feel frail.
You feel agile.
You feel frail.
You feel stronger. The lemure hits you. The lemure barely misses you.
The lemure hits you.
Pikel hits you with a +2 whip of flaming!
Pikel burns you. The lemure hits you.
You closely miss Pikel. You hit the lemure but do no damage.
You hit the lemure. You completely miss the lemure. You slash the lemure!
The lemure barely misses you. The lemure misses you.
The lemure hits you but does no damage.
Pikel hits you with a +2 whip of flaming.
* * * LOW HITPOINT WARNING * * *
Pikel burns you.
* * * LOW HITPOINT WARNING * * *
The lemure hits you!
You die...

##.......)..## #.....####...##
#...###..###..# #..##......##.#
##### #......##.....# #...#
#.....####....#
####...######.....####....#
#......##....5.....##.(...#
####.##...##...K@.##......##.#
.......#...).รท.555.###..###..#
...........#.).).....####.(.##
.......#..##...............##
..(.............#......#####
...........######.##..##
.........### #.#....#
.........# .# ..# .......#.#


You could see Pikel and 4 lemures.

Vanquished Creatures
  An ice beast (D:6)
  A centaur zombie (D:3)
  2 hounds
  A bullfrog skeleton (D:6)
  Natasha (D:2)
  An iguana (D:4)
  3 gnolls (D:4)
  2 adders
  An ufetubus (D:4)
  An adder zombie (D:4)
  An orc (D:4)
  2 ball pythons (D:3)
  3 endoplasms
  4 giant cockroaches
  3 goblins
  4 hobgoblins
  3 bats
  A frilled lizard (D:1)
  9 kobolds
  2 rats
46 creatures vanquished.

Vanquished Creatures (others)
  An orc priest (D:4)
  An orc (D:4)
  A kobold (D:4)
  6 fungi (D:2)
  A plant (D:2)
  A withered plant (D:4)
11 creatures vanquished.

Grand Total: 57 creatures vanquished

Notes
Turn   | Place    | Note
-------+----------+-------------------------------------------
     0 | D:1      | TheCrusader the Hill Orc Monk began the quest for the Orb.
     0 | D:1      | Reached XP level 1. HP: 19/19 MP: 1/1
   557 | D:2      | Reached XP level 2. HP: 18/27 MP: 2/2
  1059 | D:2      | Found a runed translucent door.
  1060 | D:2      | Noticed Crazy Yiuf
  1422 | D:2      | Noticed Natasha
  1430 | D:2      | Noticed a crimson imp
  1430 | D:2      | Killed Natasha
  1431 | D:2      | Reached XP level 3. HP: 13/33 MP: 3/3
  1640 | D:2      | You fall into a shaft and drop 1 floor!
  1785 | D:3      | Reached skill level 5 in Axes
  1785 | D:3      | Reached XP level 4. HP: 20/40 MP: 4/4
  2576 | D:3      | Reached XP level 5. HP: 33/47 MP: 5/5
  2669 | D:3      | Found an opulent altar of Gozag.
  2885 | D:3      | Found a glowing golden altar of the Shining One.
  3235 | D:4      | Became a worshipper of Beogh the Brigand
  3235 | D:4      | Reached * piety under Beogh
  3235 | D:4      | Reached ** piety under Beogh
  3315 | D:4      | Noticed a lemure
  3322 | D:4      | Noticed a lemure
  3323 | D:4      | Noticed a lemure
  3369 | D:4      | You fall into a shaft and drop 2 floors!
  3369 | D:6      | Noticed an ice beast
  3372 | D:6      | Killed an ice beast
  3373 | D:6      | Reached skill level 6 in Axes
  3373 | D:6      | Reached XP level 6. HP: 6/53 MP: 6/6
  3715 | D:5      | Entered Level 5 of the Dungeon
  4200 | D:4      | Noticed Pikel
  4211 | D:4      | Gained mutation: You are frail. (-10% HP) [potion of
                  | mutation]
  4211 | D:4      | Gained mutation: You are agile. (Dex +2) [potion of
                  | mutation]
  4211 | D:4      | Gained mutation: You are very frail. (-20% HP) [potion of
                  | mutation]
  4211 | D:4      | Gained mutation: Your muscles are strong. (Str +2) [potion
                  | of mutation]
  4212 | D:4      | Slain by a lemure

Illustrated notes

Levels and vault maps discovered:
D:1:      minmay_arrival_up_and_down, layout_loops_ring
D:2:      layout_basic, shapermc_ecumenical_altar_mp_urbaneastern, serial_shops,
          nicolae_shop_statue_plus, minmay_surrounded, uniq_crazy_yiuf_cottage,
          uniq_natasha
D:3:      layout_basic, mainiacjoe_overflow_concentric_impassable, tso_altar,
          nicolae_gozag_cash_rules_everything_around_me
D:4:      layout_rooms, serial_undead, serial_undead_e, serial_undead_b,
          serial_undead_e, serial_undead_d, minmay_misc_feat_iff, uniq_pikel
D:5:      layout_loops_ring, minmay_shop_grid_forest, kennysheep_another_room
D:6:      layout_loops_ring, temple_hall

Skill      XL: |  1  2  3  4  5 |
---------------+----------------+-----
Fighting       | 4 |  4.9
Stealth        | 2 3 |  3.1
Axes           | 5 6 |  6.9
Dodging        | 3 |  3.2

Action                   |  1- 3 |  4- 6 || total
-------------------------+-------+-------++-------
Melee: Hand axe          |    47 |       ||    47
       War axe           |    23 |    70 ||    93
Invok: Convert to Beogh  |       |     1 ||     1
  Use: Potion            |       |     7 ||     7
 Stab: Sleeping          |     1 |     1 ||     2
Armor: Robe              |    22 |    24 ||    46
       Skin              |       |     5 ||     5
Dodge: Dodged            |    52 |    72 ||   124
